 Dungeon Crawl Stone Soup version 0.21-a0-584-g185da8e (webtiles) character file.

118 Timinator the Insei (level 4, -5/33 HPs)
             Began as a Vampire Transmuter on Dec 20, 2017.
             Killed by divine providence
             ... invoked by an orc priest
              (15 damage)
             ... on level 3 of the Dungeon.
             The game lasted 00:16:19 (1572 turns).

Timinator the Insei (Vampire Transmuter)            Turns: 1572, Time: 00:16:19

Health: -5/33      AC:  5    Str: 10    XL:     4   Next: 72%
Magic:  0/7        EV: 11    Int: 15    God:
Gold:   56         SH:  0    Dex: 14    Spells: 6/7 levels left

rFire    . . .     SeeInvis +     - Unarmed
rCold    . . .     Gourm    .   (no shield)
rNeg     . . .     Faith    .   g - +0 ring mail
rPois    .         Spirit   +   (no helmet)
rElec    .         Reflect  .   (no cloak)
rCorr    .         Harm     .   (no gloves)
MR       .....                  (boots currently unavailable)
Stlth    +.........             h - amulet of guardian spirit
HPRegen  0.31/turn              (no ring)
MPRegen  0.10/turn              (no ring)

@: appendage, regenerating quickly
A: fangs 3, talons 3, see invisible, unbreathing
a: End Transformation


You were on level 3 of the Dungeon.
You were full.
You had grown temporary talons.
You visited 1 branch of the dungeon, and saw 3 of its levels.

You collected 56 gold pieces.

Inventory:

Missiles
 a - 12 arrows
Armour
 b - a +0 robe
 g - a +0 ring mail (worn)
Jewellery
 e - an uncursed ring of protection from cold {unknown}
 h - an amulet of guardian spirit (around neck)
Scrolls
 f - a scroll of teleportation {unknown}
 i - a scroll of enchant weapon {unknown}
 j - a scroll of remove curse {unknown}
 k - a scroll of identify {unknown}
Potions
 d - 14 potions of blood
Books
 c - a book of Changes

   Spells                             Type                      Level
   a - Beastly Appendage              Transmutation                1
   b - Sticks to Snakes               Transmutation                2
   c - Spider Form                    Transmutation/Poison         3
   d - Ice Form                       Ice/Transmutation            4
   e - Blade Hands                    Transmutation                5


   Skills:
 * Level 1.8 Fighting
 * Level 0.2 Armour
 + Level 3.2 Dodging
 - Level 0.1 Stealth
 + Level 4.6 Unarmed Combat
 - Level 2.0 Spellcasting
 * Level 2.7 Transmutations


You had 6 spell levels left.
You knew the following spells:

 Your Spells              Type           Power        Failure   Level  Hunger
a - Beastly Appendage     Tmut           #.....       19%         1    #......


Dungeon Overview and Level Annotations

Branches:
Dungeon (3/15)

Altars:
Sif Muna


Innate Abilities, Weirdness & Mutations

Your natural rate of healing is unusually fast.
You have razor-sharp teeth.
You have supernaturally acute eyesight. (SInv)
You can survive without breathing.
You have claws for feet.


Message History

a dagger; a hand axe; 10 gold pieces; a goblin corpse; an orc corpse
Okay, then.
Use e to drain blood from corpses.
You hit the orc priest.
The orc priest is lightly wounded.
The orc priest closely misses you.
The orc wizard mumbles some strange words.
The orc wizard flickers and vanishes for a moment.
You closely miss the orc priest. You claw the orc priest.
The orc priest is moderately wounded.
The orc priest closely misses you.
The orc priest mumbles some strange prayers to Beogh against you.
Pain shoots through your body!
You hit the orc but do no damage. You claw the orc, but do no damage.
You hit the orc but do no damage. The orc hits you with a mace.
You hit the orc. You claw the orc, but do no damage.
The orc is heavily wounded.
The orc priest invokes the aid of Beogh against you.
Beogh smites you!
You die...

#.#.# #....#...##.
##.#.####...........
#......#............
#...................
#......##..#........
##......###.#.wo..wow
####.......#..)o.#
.....#...##....)##
.#####.#.#.....o@# .#
##.#.#.......#
#####(.#)#.......#
..)......)......##
#####.#..........#
###...##.......#
###...####.......#
......# ##.....##
.....## #.....##


You could see an orc priest and an orc.

Vanquished Creatures
  An orc priest (D:3)
  4 adders (D:2)
  An ooze (D:3)
  A dart slug (D:2)
  2 leopard geckos (D:2)
  An orc (D:3)
  5 goblins
  7 hobgoblins
  4 jackals (D:1)
  2 kobolds (D:3)
  2 quokkas (D:2)
  6 bats
  A frilled lizard (D:1)
  4 rats
41 creatures vanquished.

Notes
Turn   | Place    | Note
-------+----------+-------------------------------------------
     0 | D:1      | Timinator the Vampire Transmuter began the quest for the Orb.
     0 | D:1      | Reached XP level 1. HP: 14/14 MP: 3/3
   114 | D:1      | Reached skill level 1 in Fighting
   216 | D:1      | Reached XP level 2. HP: 19/21 MP: 3/5
   671 | D:2      | Found a deep blue altar of Sif Muna.
   814 | D:2      | Reached skill level 4 in Unarmed Combat
   814 | D:2      | Reached XP level 3. HP: 21/26 MP: 2/6
  1222 | D:2      | Reached XP level 4. HP: 24/33 MP: 4/7
  1572 | D:3      | Killed from afar by an orc priest

Vault maps used:
D:1:      eino_arrival_druids_welcome
D:2:      marbit_many_paths, first_ration
D:3:      nicolae_qazlal_eye_of_the_storm, kennysheep_nondescript, uniq_terence,
          uniq_jessica

Skill      XL: |  1  2  3 |
---------------+----------+-----
Fighting       | 1 |  1.8
Unarmed Combat | 4 |  4.6
Dodging        | 3 |  3.2
Armour         | |  0.2
Stealth        | |  0.1
Spellcasting   | |  2.0
Transmutations | |  2.7

Action                   |  1- 3 |  4- 6 || total
-------------------------+-------+-------++-------
Melee: Unarmed           |   127 |    33 ||   160
       Bite              |     8 |     1 ||     9
       Headbutt          |     6 |     1 ||     7
       Kick              |     6 |     5 ||    11
       Punch             |     1 |       ||     1
 Cast: Beastly Appendage |    20 |     5 ||    25
  Use: Scroll            |     1 |       ||     1
       Potion            |     2 |       ||     2
 Stab: Sleeping          |     1 |       ||     1
  Eat: Corpse            |     8 |     1 ||     9
Armor: Robe              |    24 |       ||    24
       Skin              |     2 |       ||     2
       Ring mail         |       |     2 ||     2
Dodge: Dodged            |    79 |    16 ||    95

Table legend:
 A = Spawn XP
 B = Non-spawn XP
 C = Spawn XP percentage of total XP
 D = Spawn monster count
 E = Non-spawn monster count
 F = Spawn count percentage of total count
 G = Total turns spent on level
                    A         B        C        D         E        F      G
               +---------+---------+-------+---------+---------+-------+---------
         Total |       0 |     169 |   0.0 |       0 |      41 |   0.0 |  1572
               +---------+---------+-------+---------+---------+-------+---------
           D:1 |       0 |      23 |   0.0 |       0 |      14 |   0.0 |   612
           D:2 |       0 |      85 |   0.0 |       0 |      19 |   0.0 |   836
           D:3 |       0 |      61 |   0.0 |       0 |       8 |   0.0 |   124
               +---------+---------+-------+---------+---------+-------+---------
